 Dungeon Crawl Stone Soup version 0.30-a0-782-ge64f9170bb (webtiles) character file.

Game seed: 4587792382278873825

51 Dirtsage the Chopper (level 3, -1/29 HPs)
             Began as a Demonspawn Fighter on Mar 2, 2023.
             Slain by a gnoll
             ... wielding a +0 spear
              (2 damage)
             ... on level 2 of the Dungeon.
             The game lasted 00:01:57 (1011 turns).

Dirtsage the Chopper (Demonspawn Fighter)           Turns: 1011, Time: 00:01:57

Health: -1/29      AC:  6    Str: 18    XL:     3   Next: 57%
Magic:  3/3        EV:  9    Int:  9    God:
Gold:   107        SH:  4    Dex: 12    Spells: 2/2 levels left

rFire   . . .      SeeInvis .    a - +0 war axe
rCold   . . .      Faith    .    c - +0 buckler
rNeg    . . .      Spirit   .    b - +0 scale mail
rPois   .          Reflect  .    (no helmet)
rElec   .          Harm     .    (no cloak)
rCorr   .          Rampage  .    (no gloves)
Will    .....                    (no boots) Stlth
                                 (no amulet)
HPRegen 0.24/turn                (no ring)
MPRegen 0.08/turn                (no ring)

@: no status effects
A: powered by death 1
a: no special abilities


You were on level 2 of the Dungeon.
You visited 1 branch of the dungeon, and saw 2 of its levels.

You collected 107 gold pieces.

Inventory:

Hand Weapons
 a - a +0 war axe (weapon)
Armour
 b - a +0 scale mail (worn)
 c - a +0 buckler (worn)
Magical Staves
 i - a staff of poison
Scrolls
 e - a scroll of teleportation {unknown}
 j - a scroll of identify {unknown}
Potions
 d - a potion of might
 f - a potion of ambrosia {unknown}
 g - a potion of degeneration {unknown}
 h - a potion of berserk rage {unknown}


   Skills:
 - Level 3.0 Fighting
 + Level 3.6 Axes
 - Level 2.6 Armour
 - Level 2.6 Shields


You had 2 spell levels left.
You didn't know any spells.
Your spell library was empty.

Dungeon Overview and Level Annotations

Branches:
Dungeon (2/15)

Altars:


Innate Abilities, Weirdness & Mutations

You regenerate a little health from kills.


Message History

You slash the worm!
The worm is severely wounded.
The worm bites you but does no damage.
You hit the worm.
The worm is almost dead.
A gnoll comes into view. It is wielding a +0 spear.
The worm closely misses you.
You barely miss the worm.
The worm is severely wounded.
A gnoll comes into view. It is wielding a +0 spear.
The gnoll shouts!
You slash the worm!
You kill the worm!
The gnoll barely misses you.
You barely miss the gnoll. The gnoll closely misses you.
You block the gnoll's attack.
A gnoll comes into view. It is wielding a +0 halberd.
The gnoll shouts!
You hit the gnoll but do no damage. You hit the gnoll.
The gnoll is heavily wounded.
The gnoll hits you with a +0 club.
The gnoll hits you from afar with a +0 spear.
You take 7 damage, and have 22/29 hp.
MASSIVE DAMAGE!!
The gnoll attacks as you move away! The gnoll hits you with a +0 club.
You see here a worm corpse.
You take 2 damage, and have 20/29 hp.
The gnoll attacks as you move away! The gnoll barely misses you.
You closely miss the gnoll.
The gnoll is heavily wounded.
The gnoll barely misses you. The gnoll hits you with a +0 club.
You slash the gnoll!
You kill the gnoll!
The gnoll hits you with a +0 halberd.
You take 4 damage, and have 16/29 hp.
You hit the gnoll but do no damage. The gnoll barely misses you.
The gnoll hits you with a +0 halberd. The gnoll hits you with a +0 halberd!
* * * LOW HITPOINT WARNING * * *
The gnoll hits you from afar with a +0 spear.
You die...

###...###.#...
.##
#...#####g##
####......<...
#.........#.#
##.#....#.....
#.####g# #.##
# #g# . #g#
#@# ## #.# ##.
#.# ... ...
.#. ...#. ...
#####.# .#. #
... ... .#


You could see 3 gnolls.

Vanquished Creatures
  A gnoll (D:2)
  A worm (D:2)
  5 endoplasms
  A giant cockroach (D:1)
  4 goblins
  7 hobgoblins
  2 jackals (D:1)
  2 kobolds (D:2)
  A quokka (D:1)
  3 ball pythons
  2 bats
  4 frilled lizards
  A rat (D:1)
34 creatures vanquished.

Notes
Turn   | Place    | Note
-------+----------+-------------------------------------------
     0 | D:1      | Dirtsage the Demonspawn Fighter began the quest for the
                  | Orb.
     0 | D:1      | Reached XP level 1. HP: 18/18 MP: 1/1
   178 | D:1      | You fall into a shaft and drop 1 floor!
   243 | D:2      | Gained mutation: You regenerate a little health from kills.
                  | [demonic ancestry]
   243 | D:2      | Reached XP level 2. HP: 24/24 MP: 2/2
   614 | D:1      | Found a faded altar of an unknown god.
   630 | D:1      | Reached XP level 3. HP: 28/29 MP: 3/3
  1011 | D:2      | HP: 1/29 [gnoll/+0 halberd (11)]
  1011 | D:2      | Slain by a gnoll

Illustrated notes

Levels and vault maps discovered:
D:1:      saegor_arrival_simple_c, layout_basic,
          hellmonk_ecumenical_altar_leap_of_faith, kennysheep_boxes
D:2:      layout_basic

Skill      XL: |  1  2 |
---------------+-------+-----
Axes           | 2 3 |  3.6
Fighting       | |  3.0
Armour         | |  2.6
Shields        | |  2.6

Action                     || total
---------------------------++-------
  Melee: War axe           ||    63
 Armour: Scale mail        ||    28
  Dodge: Dodged            ||    30
  Block: Buckler           ||    10

Table legend: (Time is in decaauts)
 A = Elapsed time spent in this place.
 B = Non-inter-level travel time spent in this place.
 C = Inter-level travel time spent in this place.
 D = Time resting spent in this place.
 E = Time spent auto-exploring this place.
 F = Levels seen in this place.
 G = Mean time per level.
                   A        B        C        D        E       F      G
               +--------+--------+--------+--------+--------+-----+--------+
         Total |   1064 |   1036 |     28 |      0 |    825 |   2 |  532.0 |
       Dungeon |   1064 |   1036 |     28 |      0 |    825 |   2 |  532.0 |
               +--------+--------+--------+--------+--------+-----+--------+

Top non-repeatable levels by time:
     D:1: 712 daAuts
     D:2: 351 daAuts
